 Dungeon Crawl Stone Soup version 0.30-a0-778-g2ef04afb54 (webtiles) character file.

Game seed: 7626695188910196116

28 Ceno the Vexing (level 3, 0/26 HPs)
             Began as a Barachi Hexslinger on Feb 17, 2023.
             Slain by a hobgoblin (4 damage)
             ... on level 2 of the Dungeon.
             The game lasted 00:02:45 (801 turns).

Ceno the Vexing (Barachi Hexslinger)                 Turns: 801, Time: 00:02:46

Health: 0/26       AC:  3    Str: 11    XL:     3   Next: 14%
Magic:  4/4        EV: 12    Int: 13    God:
Gold:   75         SH:  0    Dex: 14    Spells: 3/4 levels left

rFire   . . .      SeeInvis .    g - +0 sling (flame)
rCold   . . .      Faith    .    (no shield)
rNeg    . . .      Spirit   .    c - +0 robe
rPois   .          Reflect  .    (no helmet)
rElec   .          Harm     .    (no cloak)
rCorr   .          Rampage  .    e - +0 pair of gloves
Will    .....                    (no boots)
Stlth   +                        (no amulet)
HPRegen 0.24/turn                (no ring)
MPRegen 0.09/turn                (no ring)

@: unable to hop, slow
A: amphibious, slowness 1, strong legs 1, +LOS
a: Hop


You were on level 2 of the Dungeon.
You visited 1 branch of the dungeon, and saw 2 of its levels.

You collected 75 gold pieces.

Inventory:

Hand Weapons
 g - a +0 sling of flaming (weapon)
Armour
 c - a +0 robe (worn)
 e - a +0 pair of gloves (worn)
Jewellery
 d - a ring of fire
Scrolls
 a - 2 scrolls of blinking {unknown}
 b - a scroll of poison
 f - a scroll of identify {unknown}
 k - a scroll of acquirement {unknown}
Potions
 h - a potion of brilliance {unknown}
 i - a potion of curing {unknown}
 j - a potion of heal wounds {unknown}


   Skills:
 - Level 1.2 Fighting
 * Level 3.1 Ranged Weapons
 - Level 2.1 Dodging
 - Level 1.1 Spellcasting
 + Level 3.7 Hexes


You had 3 spell levels left.
You knew the following spells:

 Your Spells              Type           Power      Damage    Failure   Level
a - Slow                  Hex            40%        N/A       6%          1

Your spell library contained the following spells:

 Spells                   Type           Power      Damage    Failure   Level
 Necrotise                Necr           0%         1d4       28%         1
 Inner Flame              Hex/Fire       5%         N/A       36%         3
 Portal Projectile        Hex/Tloc       10%        N/A       36%         3
 Vampiric Draining        Necr           0%         2d6       63%         3
 Cause Fear               Hex            5%         N/A       52%         4
 Agony                    Necr           0%         N/A       100%        5


Dungeon Overview and Level Annotations

Branches:
Dungeon (2/15)

Altars:

Annotations:
D:2 1 runed translucent door, Crazy Yiuf


Innate Abilities, Weirdness & Mutations

You are amphibious.
You cover ground slowly.
You can hop short distances.
You have an extended range of vision and can be seen from far away.


Message History

The adder is almost dead.
The adder completely misses you. The hobgoblin closely misses you.
The adder closely misses you.
Fire: g) +0 sling (flame)
Press: ? - help, Q - select action, (/) - cycle Shift-Dir - straight line, f/p - adder
Aim: an adder (almost dead, 35% to hit)
You shoot a sling bullet. The sling bullet misses the adder.
The hobgoblin hits you. The adder closely misses you. The adder misses you.
The hobgoblin closely misses you.
Fire: g) +0 sling (flame)
Press: ? - help, Q - select action, (/) - cycle Shift-Dir - straight line, f/p - adder
Aim: an adder (almost dead, 35% to hit)
You shoot a sling bullet.
The sling bullet barely misses the adder.
The adder bites you.
* * * LOW HITPOINT WARNING * * *
The hobgoblin barely misses you.
Fire: g) +0 sling (flame)
Press: ? - help, Q - select action, (/) - cycle Shift-Dir - straight line, f/p - adder
Aim: an adder (almost dead, 35% to hit)
You shoot a sling bullet.
The sling bullet closely misses the adder.
The adder barely misses you. The hobgoblin closely misses you.
The adder bites you but does no damage.
Fire: g) +0 sling (flame)
Press: ? - help, Q - select action, (/) - cycle Shift-Dir - straight line, f/p - adder
Aim: an adder (almost dead, 35% to hit)
You shoot a sling bullet.
The sling bullet barely misses the adder.
The adder bites you but does no damage. The hobgoblin hits you.
* * * LOW HITPOINT WARNING * * *
The adder closely misses you.
Fire: g) +0 sling (flame)
Press: ? - help, Q - select action, (/) - cycle Shift-Dir - straight line, f/p - adder
Aim: an adder (almost dead, 35% to hit)
You shoot a sling bullet. The sling bullet hits the adder.
The sling bullet burns the adder.
You kill the adder!
The hobgoblin barely misses you. The hobgoblin hits you.
You die...

.#♣♣ ♣♣.#..##
.+.♣♣♣♣......#
.#♣..♣.......##
♣♣♣.♣..#.#..#########
♣♣♣♣♣##<........... .= .
####..#########... ..
#..# ###... .. #..
##..####... .# ...#
#...@†##.#####.##..#
#.###g...##....#...#
#.##..)..#..##.....#
#.#..#.#.......#.#...
#†..##.#..K..........
....####.............#.
...............#.†.##..
...........##...#......
...........#....##...!..


You could see a hobgoblin and a kobold.

Vanquished Creatures
  An adder (D:2)
  2 dart slugs
  2 endoplasms (D:1)
  2 giant cockroaches (D:2)
  2 goblins
  A hobgoblin (D:2)
  4 kobolds
  A quokka (D:1)
  5 ball pythons
  A bat (D:1)
  2 frilled lizards (D:1)
  A rat (D:1)
24 creatures vanquished.

Notes
Turn   | Place    | Note
-------+----------+-------------------------------------------
     0 | D:1      | Ceno the Barachi Hexslinger began the quest for the Orb.
     0 | D:1      | Reached XP level 1. HP: 15/15 MP: 2/2
   206 | D:1      | Reached XP level 2. HP: 21/21 MP: 3/3
   679 | D:2      | Found a runed translucent door.
   680 | D:2      | Noticed Crazy Yiuf
   754 | D:2      | Reached XP level 3. HP: 26/26 MP: 4/4
   801 | D:2      | Slain by a hobgoblin

Illustrated notes

Levels and vault maps discovered:
D:1:      lightli_arrival_statue_moat, layout_loops_cross
D:2:      layout_rooms, nrook_mini_backslash, uniq_crazy_yiuf_cottage

Skill      XL: |  1  2 |
---------------+-------+-----
Ranged Weapons | 3 |  3.1
Fighting       | |  1.2
Dodging        | |  2.1
Spellcasting   | |  1.1
Hexes          | |  3.7

Action                     || total
---------------------------++-------
   Fire: Sling             ||    71
   Cast: Slow              ||     6
Ability: Hop               ||     3
 Armour: Robe              ||     5
  Dodge: Dodged            ||    39

Table legend: (Time is in decaauts)
 A = Elapsed time spent in this place.
 B = Non-inter-level travel time spent in this place.
 C = Inter-level travel time spent in this place.
 D = Time resting spent in this place.
 E = Time spent auto-exploring this place.
 F = Levels seen in this place.
 G = Mean time per level.
                   A        B        C        D        E       F      G
               +--------+--------+--------+--------+--------+-----+--------+
         Total |    948 |    922 |     26 |      2 |    711 |   2 |  474.0 |
       Dungeon |    948 |    922 |     26 |      2 |    711 |   2 |  474.0 |
               +--------+--------+--------+--------+--------+-----+--------+

Top non-repeatable levels by time:
     D:1: 799 daAuts
     D:2: 148 daAuts
